 Dungeon Crawl Stone Soup version 0.21.1-1-g345015fe64 (webtiles) character file.

303 Dox the Sneak (level 6, 0/42 HPs)
             Began as an Octopode Fighter on Apr 8, 2018.
             Slain by a gnoll
             ... wielding a +2 spear of freezing
              (1 damage)
             ... on level 3 of the Dungeon.
             The game lasted 00:10:40 (2535 turns).

Dox the Sneak (Octopode Fighter)                    Turns: 2535, Time: 00:10:41

Health: 0/42       AC:  1    Str: 16    XL:     6   Next: 38%
Magic:  6/6        EV: 12    Int: 10    God:
Gold:   139        SH:  9    Dex: 13    Spells: 5/5 levels left

rFire    . . .     SeeInvis .   o - +2 dagger (elec)
rCold    . . .     Gourm    .   b - +0 shield
rNeg     + . .     Faith    .   (helmet restricted)
rPois    .         Spirit   .   (no amulet)
rElec    .         Reflect  .   i - ring of positive energy
rCorr    .         Harm     .   q - ring of flight
MR       .....                  (no ring)
Stlth    ++++......             (no ring)
HPRegen  0.14/turn              (no ring)
MPRegen  0.10/turn              (no ring)
                                (no ring)
                                (no ring)

@: no status effects
A: almost no armour, stealthy swim, amphibious, 8 rings, constrict 8, camouflage
1, gelatinous body 1
a: Evoke Flight


You were on level 3 of the Dungeon.
You were not hungry.

You visited 1 branch of the dungeon, and saw 3 of its levels.

You collected 139 gold pieces.

Inventory:

Hand Weapons
 a - a +0 rapier
 o - a +2 dagger of electrocution (weapon)
Missiles
 e - 90 stones (quivered)
 s - 4 tomahawks
Armour
 b - a +0 shield (worn)
Jewellery
 i - a ring of positive energy (left tentacle)
 q - a ring of flight (right tentacle)
Wands
 r - a wand of clouds (3)
Scrolls
 f - 3 scrolls of teleportation {unknown}
 g - 5 scrolls of remove curse {unknown}
 h - 2 scrolls of amnesia {unknown}
 n - 2 scrolls of fog {unknown}
 p - 4 scrolls of identify {unknown}
 t - a scroll of immolation {unknown}
 u - a scroll of magic mapping {unknown}
Potions
 c - a potion of might
 j - 2 potions of curing {unknown}
 k - a potion of berserk rage {unknown}
 l - 2 potions of agility {unknown}
 m - a potion of brilliance {unknown}
Comestibles
 d - 9 rations


   Skills:
 + Level 3.4 Fighting
 + Level 3.3 Short Blades
 + Level 1.7 Throwing
 + Level 3.6 Dodging
 + Level 4.1 Stealth
 + Level 3.4 Shields
 * Level 2.2 Unarmed Combat


You had 5 spell levels left.
You didn't know any spells.

Dungeon Overview and Level Annotations

Branches:
Dungeon (3/15)

Altars:
Uskayaw
The Shining One


Innate Abilities, Weirdness & Mutations

You cannot wear most types of armour.
You are very stealthy in the water. (Stealth+)
You are amphibious.
You can wear up to eight rings at the same time.
You can use your tentacles to constrict eight enemies at once.
Your skin changes colour to match your surroundings (Stealth+).
Your rubbery body absorbs attacks. (AC +1, EV +1)


Message History

The gnoll hits you with a spear.
Your shield prevents you from hitting the gnoll.
The goblin shouts!
Your grab misses the gnoll.
The gnoll hits you from afar with a halberd!
The gnoll hits you but does no damage.
You hit the gnoll. Lightning courses through the gnoll!
You kill the gnoll!
The gnoll closely misses you.
Things that are here:
a spear; a gnoll corpse You hit the gnoll.
Lightning courses through the gnoll!
You kill the gnoll!
The gnoll hits you from afar with a halberd!
* * * LOW HITPOINT WARNING * * *
You block the goblin's attack.
The gnoll hits you from afar with a spear of freezing.
* * * LOW HITPOINT WARNING * * *
The gnoll freezes you.
You die...

...........##
.........##
........##
#########
#######
......g
.8.8.8.#######
.......gg@)..#
##
........g###.#
#. ....%.#..#
#.# #.
.?..)_#..# #.#
#. ....! #..#
#.# #####.
..... ...# #.#
#..... ....
...## #.#
#.#### .8.8
8.#####.#
#.###
##.##.#####
#.#.##


You could see 2 gnolls and a goblin.

Vanquished Creatures
  The ghost of Ivernyr the Bolt Thrower, an amateur DDAM (D:3)
  An orc priest (D:3)
  4 adders
  2 gnolls (D:3)
  An ooze (D:1)
  2 worms
  2 dart slugs (D:1)
  3 leopard geckos
  4 orcs (D:3)
  8 bats
  2 giant cockroaches
  10 goblins
  3 hobgoblins (D:1)
  A quokka (D:3)
  2 ball pythons (D:1)
  3 frilled lizards
  8 kobolds
  5 rats
62 creatures vanquished.

Notes
Turn   | Place    | Note
-------+----------+-------------------------------------------
     0 | D:1      | Dox the Octopode Fighter began the quest for the Orb.
     0 | D:1      | Reached XP level 1. HP: 16/16 MP: 1/1
    47 | D:1      | Reached XP level 2. HP: 16/21 MP: 2/2
   125 | D:1      | Reached skill level 1 in Stealth
   558 | D:1      | Reached XP level 3. HP: 26/26 MP: 3/3
   588 | D:1      | Reached skill level 2 in Stealth
   654 | D:1      | Reached skill level 1 in Unarmed Combat
  1097 | D:2      | Reached XP level 4. HP: 31/31 MP: 4/4
  1633 | D:2      | Found a glowing golden altar of the Shining One.
  2036 | D:3      | Reached skill level 1 in Throwing
  2040 | D:3      | Reached skill level 3 in Stealth
  2040 | D:3      | Reached XP level 5. HP: 31/36 MP: 5/5
  2051 | D:3      | Noticed Ivernyr's ghost (amateur DDAM)
  2062 | D:3      | Killed Ivernyr's ghost
  2062 | D:3      | Reached skill level 4 in Stealth
  2062 | D:3      | Reached XP level 6. HP: 19/42 MP: 6/6
  2524 | D:3      | Found a hide-covered altar of Uskayaw.
  2535 | D:3      | HP: 1/42 [gnoll/spear of freezing (6)]
  2535 | D:3      | Slain by a gnoll

Skill      XL: |  1  2  3  4  5 |
---------------+----------------+-----
Stealth        | 1 2 3 4 |  4.1
Unarmed Combat | 1 2 |  2.2
Throwing       | 1 |  1.7
Short Blades   | 3 |  3.3
Fighting       | |  3.4
Dodging        | |  3.6
Shields        | |  3.4

Action                   |  1- 3 |  4- 6 || total
-------------------------+-------+-------++-------
Melee: Rapier            |    64 |    21 ||    85
       Constrict         |    16 |    12 ||    28
       Tentacles         |     6 |     6 ||    12
       Dagger            |       |    28 ||    28
Throw: Stone             |    36 |    34 ||    70
 Stab: Sleeping          |     4 |     4 ||     8
  Eat: Chunk             |       |     5 ||     5
Armor: Skin              |     4 |     2 ||     6
Dodge: Dodged            |    28 |    10 ||    38
Block: Shield            |    23 |    19 ||    42
